 Dungeon Crawl Stone Soup version 0.24-a0-277-g67e6301 (webtiles) character file.

Game seed: 5621154350023213696

102 vorskei the Caller (level 4, 0/32 HPs)
             Began as a Gnoll Summoner on Apr 29, 2019.
             Slain by a jackal (2 damage)
             ... on level 3 of the Dungeon.
             The game lasted 00:06:51 (2142 turns).

vorskei the Caller (Gnoll Summoner)                 Turns: 2142, Time: 00:06:51

Health: 0/32       AC:  3    Str: 11    XL:     4   Next: 77%
Magic:  7/11       EV: 15    Int: 18    God:
Gold:   114        SH:  0    Dex: 15    Spells: 9/13 levels left

rFire    . . .     SeeInvis .   e - +0 whip
rCold    . . .     Gourm    .   (no shield)
rNeg     . . .     Faith    .   a - +0 robe
rPois    .         Spirit   .   (no helmet)
rElec    .         Reflect  .   l - +0 cloak
rCorr    .         Harm     .   (no gloves)
MR       .....                  (no boots)
Stlth    +++.......             (no amulet)
HPRegen  0.10/turn              (no ring)
MPRegen  0.12/turn              (no ring)

@: no status effects
A: distributed training, fangs 1, strong nose
a: no special abilities


You were on level 3 of the Dungeon.
You were not hungry.

You visited 1 branch of the dungeon, and saw 3 of its levels.

You collected 114 gold pieces.

Inventory:

Hand Weapons
 d - a +0 club
 e - a +0 whip (weapon)
Missiles
 p - 59 stones (quivered)
Armour
 a - a +0 robe (worn)
 b - a +2 ring mail of poison resistance
 l - a +0 cloak (worn)
 n - a +0 ring mail
Jewellery
 o - a cursed ring of teleportation {unknown}
Scrolls
 f - 2 scrolls of identify {unknown}
 h - a scroll of remove curse {unknown}
 i - a scroll of noise {unknown}
 m - a scroll of random uselessness {unknown}
Potions
 g - a potion of curing {unknown}
 k - 2 potions of degeneration {unknown}
Comestibles
 c - 2 rations
 j - 2 chunks of flesh


   Skills:
 + Level 1.2 Fighting
 + Level 1.2 Short Blades
 + Level 1.2 Long Blades
 + Level 1.2 Axes
 + Level 1.2 Maces & Flails
 + Level 1.2 Polearms
 + Level 1.2 Staves
 + Level 1.2 Slings
 + Level 1.2 Bows
 + Level 1.2 Crossbows
 + Level 1.2 Throwing
 + Level 1.2 Armour
 + Level 4.7 Dodging
 + Level 4.3 Stealth
 + Level 1.2 Shields
 + Level 1.2 Unarmed Combat
 + Level 5.1 Spellcasting
 + Level 1.0 Conjurations
 + Level 1.0 Hexes
 + Level 1.0 Charms
 + Level 7.1 Summonings
 + Level 1.0 Necromancy
 + Level 1.0 Translocations
 + Level 1.0 Transmutations
 + Level 1.0 Fire Magic
 + Level 1.0 Ice Magic
 + Level 1.0 Air Magic
 + Level 1.0 Earth Magic
 + Level 1.0 Poison Magic
 + Level 1.3 Invocations
 + Level 1.2 Evocations


You had 9 spell levels left.
You knew the following spells:

 Your Spells              Type           Power        Failure   Level  Hunger
q - Summon Small Mammal   Summ           ####         1%          1    None
w - Call Canine Familiar  Summ           ####....     1%          3    ##.....

Your spell library contained the following spells:

 Spells                   Type           Power        Failure   Level  Hunger
 Call Imp                 Summ           ####....     1%          2    #......
 Summon Guardian Golem    Hex/Summ       ###.....     8%          3    ##.....
 Summon Ice Beast         Ice/Summ       ###.....     24%         4    ####...
 Summon Lightning Spire   Summ/Air       ###.....     24%         4    ####...


Dungeon Overview and Level Annotations

Branches:
Dungeon (3/15)

Altars:
Kikubaaqudgha


Innate Abilities, Weirdness & Mutations

Your experience applies equally to all skills.
You have very sharp teeth.
Your uncanny sense of smell can sniff out nearby items.


Message History

The jackal barely misses you. Something misses your hound.
You miss something. Something barely misses you.
The jackal closely misses you. x2
Your hound bites the jackal but does no damage.
The orc misses you. Something completely misses your hound.
You miss something. Your bite misses something. The jackal closely misses you.
Your hound closely misses the jackal.
The jackal barely misses you. Something hits you but does no damage.
The jackal bites you but does no damage.
The orc barely misses you. The jackal misses you.
Your hound barely misses the jackal.
Something hits your hound but does no damage.
Casting: Call Canine Familiar (safe; 1% risk of failure)
Confirm with . or Enter, or press ? or * to list all spells.
Something hits you but does no damage.
Your hound bites the jackal.
The jackal closely misses you. The jackal barely misses you.
Something barely misses your hound. The orc barely misses you.
You hit the jackal.
You kill the jackal!
The jackal bites you.
You die...

.###.###..####......#
.<##.###..####.##.#.##
...#...........##....##
.#.#.#)....###.##.....#
.....#.....# #.###...##
######.....#
#.####.#### #.....#
#r........# ###.###
#.h.o..##.# #.#
#.#@#..# # #.# #h#h{..#
#.. ....#.## ∆ ∆ #.#
.#.#.#o# ... #........
........#. ##..#.......
.. ...#. ..


You could see 2 orcs, a jackal, a friendly hound and a friendly quokka.

Vanquished Creatures
  Jessica (D:2)
  2 adders (D:2)
  An ooze (D:1)
  A leopard gecko (D:1)
  2 giant cockroaches (D:1)
  A goblin (D:2)
  A hobgoblin (D:2)
  2 jackals (D:3)
  5 bats
  A kobold (D:1)
  10 rats
27 creatures vanquished.

Vanquished Creatures (collateral kills)
  2 adders (D:2)
  2 oozes
  2 worms
  A dart slug (D:1)
  A leopard gecko (D:1)
  A giant cockroach (D:1)
  3 goblins
  A hobgoblin (D:1)
  3 kobolds
  A ball python (D:1)
  2 bats (D:2)
  A frilled lizard (D:1)
  A rat (D:2)
21 creatures vanquished.

Grand Total: 48 creatures vanquished

Notes
Turn   | Place    | Note
-------+----------+-------------------------------------------
     0 | D:1      | vorskei the Gnoll Summoner began the quest for the Orb.
     0 | D:1      | Reached XP level 1. HP: 13/13 MP: 6/6
   145 | D:1      | Reached XP level 2. HP: 11/19 MP: 4/7
   602 | D:1      | HP: 1/20 [leopard gecko (2)]
   607 | D:1      | Reached XP level 3. HP: 2/25 MP: 6/9
   622 | D:1      | Reached skill level 5 in Spellcasting
  1054 | D:1      | Learned a level 3 spell: Call Canine Familiar
  1078 | D:2      | Found an ancient bone altar of Kikubaaqudgha.
  1334 | D:2      | Reached skill level 1 in Invocations
  1376 | D:2      | Reached skill level 1 in Fighting
  1376 | D:2      | Reached skill level 1 in Short Blades
  1376 | D:2      | Reached skill level 1 in Long Blades
  1376 | D:2      | Reached skill level 1 in Axes
  1376 | D:2      | Reached skill level 1 in Maces & Flails
  1376 | D:2      | Reached skill level 1 in Polearms
  1376 | D:2      | Reached skill level 1 in Staves
  1376 | D:2      | Reached skill level 1 in Slings
  1376 | D:2      | Reached skill level 1 in Bows
  1376 | D:2      | Reached skill level 1 in Crossbows
  1376 | D:2      | Reached skill level 1 in Throwing
  1376 | D:2      | Reached skill level 1 in Armour
  1376 | D:2      | Reached skill level 1 in Shields
  1376 | D:2      | Reached skill level 1 in Unarmed Combat
  1376 | D:2      | Reached skill level 1 in Evocations
  1612 | D:2      | Reached XP level 4. HP: 29/32 MP: 11/11
  1622 | D:2      | Found an ancient bone altar of Kikubaaqudgha.
  1716 | D:2      | Noticed Jessica
  1729 | D:2      | Killed Jessica
  1729 | D:2      | Reached skill level 1 in Conjurations
  1729 | D:2      | Reached skill level 1 in Hexes
  1729 | D:2      | Reached skill level 1 in Charms
  1729 | D:2      | Reached skill level 1 in Necromancy
  1729 | D:2      | Reached skill level 1 in Translocations
  1729 | D:2      | Reached skill level 1 in Transmutations
  1729 | D:2      | Reached skill level 1 in Fire Magic
  1729 | D:2      | Reached skill level 1 in Ice Magic
  1729 | D:2      | Reached skill level 1 in Air Magic
  1729 | D:2      | Reached skill level 1 in Earth Magic
  1729 | D:2      | Reached skill level 1 in Poison Magic
  2142 | D:3      | Slain by a jackal

Levels and vault maps discovered:
D:1:      onia_arrival_larder, layout_rooms
D:2:      layout_basic, lemuel_crystal_altar, corexii_hall_statues_x,
          minmay_close_crescents, uniq_jessica
D:3:      layout_loops_cross

Skill      XL: |  1  2  3  4 |
---------------+-------------+-----
Spellcasting   | 5 |  5.1
Invocations    | 1 |  1.3
Fighting       | 1 |  1.2
Short Blades   | 1 |  1.2
Long Blades    | 1 |  1.2
Axes           | 1 |  1.2
Maces & Flails | 1 |  1.2
Polearms       | 1 |  1.2
Staves         | 1 |  1.2
Slings         | 1 |  1.2
Bows           | 1 |  1.2
Crossbows      | 1 |  1.2
Throwing       | 1 |  1.2
Armour         | 1 |  1.2
Shields        | 1 |  1.2
Unarmed Combat | 1 |  1.2
Evocations     | 1 |  1.2
Conjurations   | 1 |  1.0
Hexes          | 1 |  1.0
Charms         | 1 |  1.0
Necromancy     | 1 |  1.0
Translocations | 1 |  1.0
Transmutations | 1 |  1.0
Fire Magic     | 1 |  1.0
Ice Magic      | 1 |  1.0
Air Magic      | 1 |  1.0
Earth Magic    | 1 |  1.0
Poison Magic   | 1 |  1.0
Dodging        | |  4.7
Stealth        | |  4.3
Summonings     | |  7.1

Action                   |  1- 3 |  4- 6 || total
-------------------------+-------+-------++-------
Melee: Unarmed           |    32 |       ||    32
       Bite              |     6 |     3 ||     9
       Whip              |    40 |    37 ||    77
       Club              |     7 |       ||     7
 Cast: Summon Small Mamm |    25 |     9 ||    34
       Call Canine Famil |     2 |     4 ||     6
 Stab: Sleeping          |    14 |     1 ||    15
  Eat: Chunk             |     2 |     2 ||     4
Armor: Robe              |    16 |    20 ||    36
Dodge: Dodged            |    57 |    61 ||   118

Table legend:
 A = Non-vault XP
 B = Vault XP
 C = Vault XP percentage of total XP
 D = Non-vault monster count
 E = Vault monster count
 F = Vault count percentage of total count
                 A         B        C        D         E       F
            +---------+---------+-------+---------+---------+-------
      Total |      78 |      68 |  46.6 |      34 |      14 |  29.2
            +---------+---------+-------+---------+---------+-------
        D:1 |      35 |       9 |  20.5 |      18 |       7 |  28.0
        D:2 |      33 |      59 |  64.1 |       8 |       7 |  46.7
        D:3 |      10 |       0 |   0.0 |       8 |       0 |   0.0
            +---------+---------+-------+---------+---------+-------
